 Dungeon Crawl Stone Soup version 0.27.1-33-g824d729ab1 (webtiles) character file.

Game seed: 14335113483277915877

14261 Cofein the Fighter (level 11, -8/93 HPs)
             Began as a Demonspawn Gladiator on Dec 6, 2021.
             Mangled by a lindwurm simulacrum (17 damage)
             ... in an ice cave.
             The game lasted 01:56:13 (17120 turns).

Cofein the Fighter (Demonspawn Gladiator)          Turns: 17120, Time: 01:56:14

Health: -8/93      AC: 18    Str: 15    XL:     11   Next: 86%
Magic:  11/11      EV: 11    Int:  9    God:
Gold:   522        SH:  9    Dex: 18    Spells: 10/10 levels left

rFire    + . .     SeeInvis .   g - +11 flail "Sykuimot" {flame, rPois}
rCold    . . .     Faith    .   H - +0 buckler
rNeg     . . .     Spirit   .   f - +4 scale mail {rF+}
rPois    +         Reflect  .   c - +0 helmet
rElec    .         Harm     .   (no cloak)
rCorr    .         Rampage  .   j - +0 pair of gloves
Will     .....                  (no boots)
Stlth    +.........             (no amulet)
HPRegen  0.25/turn              (no ring)
MPRegen  0.12/turn              (no ring)

@: frozen, very slow
A: claws 2, demonic guardian 2, icemail 1, sturdy frame 1, condensation shield,
bedeviling
a: no special abilities


You were in an ice cave.
You visited 3 branches of the dungeon, and saw 13 of its levels.
You also visited: Bailey and Ice Cave.

You collected 724 gold pieces.
You spent 202 gold pieces at shops.

Inventory:

Hand Weapons
 e - a +0 club
 g - the +11 flail "Sykuimot" (weapon) {flame, rPois}
   (You found it on level 4 of the Dungeon)

   It burns those it strikes, dealing additional fire damage.
   rPois:     It protects you from poison.
 o - a +1 trident
 N - a +0 long sword of electrocution
Missiles
 d - 5 throwing nets (quivered)
 r - 78 poisoned darts
Armour
 c - a +0 helmet (worn)
 f - a +4 scale mail of fire resistance (worn)
 j - a +0 pair of gloves (worn)
 n - a +1 leather armour of poison resistance
 u - +0 steam dragon scales
 H - a +0 buckler (worn)
 L - a +2 troll leather armour {Snorg}
 Q - +0 acid dragon scales
Magical Staves
 s - a staff of air
Jewellery
 K - a ring of ice
Wands
 i - a wand of polymorph (5)
 x - a wand of charming (8)
 D - a wand of digging (6)
 G - a wand of iceblast (9)
 I - a wand of mindburst (17)
 O - a wand of flame (26)
Scrolls
 a - a scroll of brand weapon
 b - a scroll of fog
 k - a scroll of enchant weapon
 p - 4 scrolls of vulnerability {unknown}
 t - a scroll of silence
 w - 2 scrolls of immolation {unknown}
 y - a scroll of amnesia
 A - a scroll of torment {unknown}
 B - 4 scrolls of magic mapping
 E - 2 scrolls of acquirement {unknown}
Potions
 h - a potion of might
 l - a potion of lignification {unknown}
 m - 3 potions of curing
 q - 2 potions of magic {unknown}
 v - 2 potions of brilliance {unknown}
 F - 2 potions of degeneration {unknown}
 J - 2 potions of resistance {unknown}
 P - a potion of haste
 R - a potion of cancellation {unknown}
Miscellaneous
 M - a lightning rod (4/4)


   Skills:
 + Level 11.3 Fighting
 - Level 3.2 Polearms
 - Level 1.7 Throwing
 - Level 8.0 Armour
 - Level 2.9 Dodging
 - Level 4.0 Shields
 - Level 10.9 Unarmed Combat
 * Level 0.0 Spellcasting
 + Level 1.3 Hexes
 + Level 0.0 Summonings


You had 10 spell levels left.
You didn't know any spells.
Your spell library contained the following spells:

 Spells                   Type           Power      Damage    Failure   Level
 Poisonous Vapours        Pois/Air       0%         N/A       78%         2
 Summon Guardian Golem    Hex/Summ       1%         N/A       89%         3
 Ignite Poison            Fire/Tmut/Pois 0%         N/A       95%         3
 Summon Ice Beast         Ice/Summ       0%         N/A       100%        4
 Malign Gateway           Summ/Tloc      0%         N/A       100%        7


Dungeon Overview and Level Annotations

Branches:
Dungeon (11/15)            Temple (1/1) D:5            Lair (1/6) D:11
    Orc (0/2) D:9          Bailey (visited)           IceCv (1/1)

Altars:
Ashenzari
Cheibriados
Dithmenos
Elyvilon
Fedhas
Gozag
Hepliaklqana
Kikubaaqudgha
Makhleb
Nemelex Xobeh
Okawaru
Qazlal
Ru
Sif Muna
Trog
Uskayaw
Vehumet
Wu Jian
Xom
Yredelemnul
Zin
The Shining One

Shops:
D:7 !(?(   D:9 [

Annotations:
D:8 exclusion: upstairs
D:9 1 runed translucent door


Innate Abilities, Weirdness & Mutations

You have very sharp fingernails.
A demonic guardian rushes to your aid.
A meltable icy envelope protects you from harm. (AC +4)
Your movements are slightly less encumbered by armour. (ER -2)
A meltable shield of frost defends you. (SH +4)
Your hexes are more powerful.


Message History

The acid dragon simulacrum vaporises!
You block the rime drake's attack. x2
You swap places.
Your sun demon completely misses the rime drake.
The rime drake closely misses your sun demon.
Your sun demon barely misses the rime drake.
The rime drake bites your sun demon but does no damage.
The lindwurm simulacrum bites your sun demon.
The lindwurm simulacrum freezes your sun demon!!!
Your sun demon is frozen!
The lindwurm simulacrum claws your sun demon.
The lindwurm simulacrum freezes your sun demon!!
Your sun demon is frozen!
Your sun demon dies!
Your sun demon disappears in a puff of smoke!
The ice encasing you melts away. The rime drake misses you.
The lindwurm simulacrum bites you. The lindwurm simulacrum freezes you!!
The lindwurm simulacrum barely misses you.
The lindwurm simulacrum claws you but does no damage.
You sock the lindwurm simulacrum!
You melt the lindwurm simulacrum.
The lindwurm simulacrum is moderately damaged.
The rime drake breathes ice at you. The flash freeze hits you!
* * * LOW HITPOINT WARNING * * *
You are encased in ice.
You block the rime drake's attack.
You block the lindwurm simulacrum's attack.
The lindwurm simulacrum claws you.
* * * LOW HITPOINT WARNING * * *
The lindwurm simulacrum freezes you!
* * * LOW HITPOINT WARNING * * *
You block the lindwurm simulacrum's attack.
Okay, then.
As you read the scroll of summoning, it crumbles to dust.
Wisps of shadow whirl around you... You block the rime drake's attack.
The lindwurm simulacrum bites you!
* * * LOW HITPOINT WARNING * * *
The lindwurm simulacrum freezes you!
You die...

..# #.# .## #.# ##
#.# ## # #.# #.###
## #.# $|$.# .##.#
$.?.# .#.## ###
#.$$# ..#.##
##.####kZ..#
.....### ##...Zk@Z#
.......###..##ZZ###
.......#...######
.........###
........##
.......## .....###
...### .###


You could see a rime drake (ally target), a lindwurm simulacrum (ally target),
an acid dragon simulacrum, a friendly rime drake (summoned), a friendly komodo
dragon simulacrum (summoned) and 2 friendly acid dragon simulacra.

Vanquished Creatures
  Harold (D:9)
  A two-headed ogre (D:8)
  Pikel (D:6)
  An ugly thing (D:11)
  Maggie (D:6)
  2 ice statues (IceCv)
  3 kobold demonologists (D:10)
  A rime drake (IceCv)
  A komodo dragon (Lair:1)
  A wind drake (D:10)
  A hornet (D:8)
  3 wraiths (D:9)
  A shadow (D:9)
  A vampire (D:10)
  8 yaks (D:10)
  Eustachio (D:4)
  A wyvern (D:7)
  A fire bat (D:9)
  Menkaure (D:6)
  An acid dragon (D:11)
  2 water moccasins
  8 orc warriors
  2 ice beasts
  A black bear (D:4)
  3 necrophages
  3 wolves (Lair:1)
  4 ogres
  A phantom (D:4)
  4 centaurs
  A lemure (D:6)
  2 kobold brigands
  3 bullfrogs
  Blork the orc (D:4)
  A gnoll sergeant (D:7)
  3 scorpions
  A water moccasin zombie (D:6)
  A wyvern skeleton (D:7)
  3 killer bees (D:9)
  3 howler monkeys
  A lindwurm simulacrum (IceCv)
  3 centaur zombies
  2 komodo dragon simulacra (IceCv)
  A gnoll shaman (D:8)
  5 orc priests
  4 hounds
  4 iguanas
  3 orc wizards
  Natasha (thrice) (D:4)
  2 killer bee zombies
  2 howler monkey zombies (D:9)
  28 gnolls
  6 adders
  A howler monkey skeleton (D:6)
  4 acid dragon simulacra (IceCv)
  2 shadow imps
  7 white imps
  2 ufetubi (D:6)
  41 orcs
  7 endoplasms
  3 giant cockroaches
  10 goblins
  7 hobgoblins
  18 jackals
  A quokka (D:5)
  6 ball pythons
  15 bats
  3 frilled lizards
  10 kobolds
  6 rats
286 creatures vanquished.

Vanquished Creatures (collateral kills)
  Snorg (D:10)
  A two-headed ogre (D:7)
  A shadow (D:9)
  A vampire (D:10)
  A wyvern (D:11)
  2 yaks
  A steam dragon (D:4)
  An acid dragon (D:8)
  2 black bears (D:11)
  2 wolves (Lair:1)
  A lemure (D:6)
  A jelly (D:4)
  2 orc wizards
  3 gnolls
  6 white imps (Lair:1)
  A bat (D:9)
27 creatures vanquished.

Vanquished Creatures (others)
  A bush (Lair:1)
  17 fungi
  3 plants
21 creatures vanquished.

Grand Total: 334 creatures vanquished

Notes
Turn   | Place    | Note
-------+----------+-------------------------------------------
     0 | D:1      | Cofein the Demonspawn Gladiator began the quest for the
                  | Orb.
     0 | D:1      | Reached XP level 1. HP: 16/16 MP: 1/1
   276 | D:1      | Found a faded altar of an unknown god.
   562 | D:1      | Gained mutation: A weak demonic guardian rushes to your
                  | aid. [demonic ancestry]
   562 | D:1      | Reached XP level 2. HP: 10/22 MP: 2/2
  1532 | D:2      | Gained mutation: You have sharp fingernails. [demonic
                  | ancestry]
  1532 | D:2      | Reached XP level 3. HP: 28/28 MP: 3/3
  1609 | D:2      | Reached skill level 1 in Armour
  1759 | D:2      | Reached skill level 3 in Fighting
  1908 | D:2      | Gained mutation: A meltable shield of frost defends you.
                  | (SH +4) [demonic ancestry]
  1908 | D:2      | Reached XP level 4. HP: 30/35 MP: 4/4
  2770 | D:3      | Found a basalt altar of Yredelemnul.
  2770 | D:3      | Found a radiant altar of Vehumet.
  4113 | D:4      | Noticed Natasha
  4121 | D:4      | Killed Natasha
  4122 | D:4      | Reached skill level 1 in Unarmed Combat
  4122 | D:4      | Gained mutation: A demonic guardian rushes to your aid.
                  | [demonic ancestry]
  4122 | D:4      | Reached XP level 5. HP: 17/42 MP: 5/5
  4311 | D:4      | Noticed a steam dragon
  4751 | D:4      | Identified the +11 flail "Sykuimot" {flame, rPois}
  4772 | D:4      | Reached skill level 4 in Fighting
  5055 | D:4      | Reached XP level 6. HP: 32/49 MP: 6/6
  5419 | D:4      | Noticed Blork the orc
  5419 | D:4      | Noticed Eustachio
  5436 | D:4      | Killed Blork the orc
  5442 | D:4      | Killed Eustachio
  5443 | D:4      | Reached skill level 5 in Fighting
  5443 | D:4      | Reached XP level 7. HP: 39/56 MP: 7/7
  5467 | D:4      | Noticed Natasha
  5474 | D:4      | Killed Natasha
  5601 | D:4      | Noticed Natasha
  5609 | D:4      | Killed Natasha
  5777 | D:4      | Killed a steam dragon
  5778 | D:4      | Reached skill level 6 in Fighting
  6320 | D:5      | Entered Level 5 of the Dungeon
  6329 | D:5      | Gained mutation: Your movements are slightly less
                  | encumbered by armour. (ER -2) [demonic ancestry]
  6329 | D:5      | Reached XP level 8. HP: 64/64 MP: 8/8
  6670 | D:5      | Reached skill level 5 in Unarmed Combat
  6893 | D:5      | Reached skill level 7 in Fighting
  7261 | D:5      | Found a staircase to the Ecumenical Temple.
  7276 | Temple   | Entered the Ecumenical Temple
  8400 | D:6      | Gained mutation: A meltable icy envelope protects you from
                  | harm. (AC +4) [demonic ancestry]
  8400 | D:6      | Reached XP level 9. HP: 64/74 MP: 9/9
  8475 | D:6      | Identified the +0 chain mail of the Sun {Int+4}
  8475 | D:6      | Noticed Maggie
  8489 | D:6      | Killed Maggie
  8490 | D:6      | Reached skill level 8 in Fighting
  8569 | D:6      | Reached skill level 5 in Armour
  8635 | D:6      | Noticed Pikel
  8640 | D:6      | Killed Pikel
  8698 | D:6      | Found a sparkling altar of Nemelex Xobeh.
  8838 | D:6      | Noticed Menkaure
  8850 | D:6      | Killed Menkaure
  8966 | D:7      | Found Ximuc's Weapon Shop.
  9010 | D:7      | Reached skill level 9 in Fighting
  9200 | D:7      | Noticed a two-headed ogre
  9423 | D:7      | Found Ewo Gak's Distillery.
  9429 | D:7      | Bought a potion of heal wounds for 60 gold pieces
  9429 | D:7      | Bought a potion of might for 48 gold pieces
  9429 | D:7      | Bought a potion of curing for 36 gold pieces
  9441 | D:7      | Found Koukhlev's Magic Scroll Boutique.
  9937 | D:7      | Found Erripimuf's Antique Weapon Shoppe.
 10202 | D:7      | Found Ximuc's Weapon Shop.
 10276 | D:7      | Killed a two-headed ogre
 10277 | D:7      | Gained mutation: You have very sharp fingernails. [demonic
                  | ancestry]
 10277 | D:7      | Reached XP level 10. HP: 47/83 MP: 10/10
 10801 | D:8      | Identified the +5 dagger of the Hills {elec, *Noise Fly
                  | Str+2 Dex+2}
 10933 | D:8      | Noticed a two-headed ogre
 10953 | D:7      | Found Erripimuf's Antique Weapon Shoppe.
 10968 | D:7      | Found Koukhlev's Magic Scroll Boutique.
 10988 | D:7      | Found Ewo Gak's Distillery.
 11052 | D:9      | Noticed Harold
 11063 | D:9      | Killed Harold
 11064 | D:9      | Reached skill level 10 in Fighting
 11112 | D:9      | Found Tuxof's Armour Shop.
 11262 | D:9      | Found a staircase to the Orcish Mines.
 11298 | D:9      | Bought a +0 buckler for 58 gold pieces
 11813 | D:8      | Killed a two-headed ogre
 11814 | D:8      | Reached skill level 1 in Shields
 12431 | D:10     | Entered Level 10 of the Dungeon
 12714 | D:9      | Found a runed translucent door.
 12721 | D:9      | Noticed a flayed ghost
 12946 | D:9      | Found an ancient bone altar of Kikubaaqudgha.
 12983 | D:9      | Found a broken altar of Ashenzari.
 13002 | D:9      | Found an opulent altar of Gozag.
 13160 | D:9      | Found a shimmering altar of Xom.
 13391 | D:9      | Found a sacrificial altar of Ru.
 13407 | D:9      | Gained mutation: Your hexes are more powerful. [demonic
                  | ancestry]
 13407 | D:9      | Reached XP level 11. HP: 92/92 MP: 11/11
 13474 | D:10     | Noticed a two-headed ogre
 13475 | D:10     | a two-headed ogre changed into a wind drake
 13733 | D:10     | Noticed Snorg
 14480 | D:10     | Reached skill level 10 in Unarmed Combat
 14828 | D:10     | Killed Snorg
 15174 | D:11     | Found a flagged portal.
 15184 | Bailey   | Entered a bailey
 15292 | Bailey   | Found a burning altar of Makhleb.
 15312 | Bailey   | Got the Grimoire of the Vacuum
 15456 | D:11     | Noticed a purple ugly thing
 15472 | D:11     | Killed a purple ugly thing
 15473 | D:11     | Reached skill level 11 in Fighting
 15503 | D:11     | Noticed a soul eater
 15779 | D:11     | Found a staircase to the Lair.
 16333 | Lair:1   | Entered Level 1 of the Lair of Beasts
 16333 | Lair:1   | Found a frozen archway.
 16440 | IceCv    | Entered an ice cave
 16791 | IceCv    | Reached skill level 1 in Hexes
 17120 | IceCv    | Mangled by a lindwurm simulacrum

Illustrated notes

Levels and vault maps discovered:
D:1:      erik_arrival_blinker_ship, layout_basic,
          shapermc_ecumenical_altar_mp_highgroup
D:2:      layout_basic, kennysheep_generic_room_12
D:3:      layout_basic, gammafunk_temple_overflow_claw
D:4:      layout_loops_ring, serial_aquarium, aquarium_bridge_square
          [aquarium_subvault_wall, aquarium_subvault_bridge,
          aquarium_subvault_bridge, aquarium_subvault_balcony],
          aquarium_window_fake, aquarium_window_2, aquarium_window_2,
          aquarium_window_1, aquarium_view_2c, aquarium_balcony_3a,
          uniq_blork_the_orc, uniq_eustachio, uniq_natasha
D:5:      lemuel_castle_with_subvaults [lemuel_castle_interior_carwin_1],
          layout_loops_ring, minmay_temple_entry_crystal_x
D:6:      layout_rooms, mainiacjoe_overflow_alcove_1, uniq_menkaure, uniq_pikel,
          uniq_maggie
D:7:      layout_loops_ring, serial_shops, shop, nicolae_take_the_stairs,
          nicolae_shop_temple_entry_statues_fountains,
          nicolae_shop_competitors_out_of_business
D:8:      layout_basic
D:9:      due_megacathedral, layout_loops_cross, orc_david_3, uniq_harold
D:10:     layout_cave_pods, uniq_snorg
D:11:     layout_basic, david_lair_generic, enter_bailey_4
Temple:   hc_temple_tempest_star
Lair:1:   layout_loops_ring, portal_ice_cave_entry_imps,
          nicolae_volcano_entry_vermiform
IceCv:    ice_cave_small_dragons

Skill      XL: |  1  2  3  4  5  6  7  8  9 10 11 |
---------------+----------------------------------+-----
Polearms       | 3 |  3.2
Armour         | 1 2 3 4 5 6 8 |  8.0
Fighting       | 3 4 5 6 7 9 10 11 | 11.3
Unarmed Combat | 1 2 3 4 6 8 9 10 | 10.9
Shields        | 2 4 |  4.0
Hexes          | 1 |  1.3
Throwing       | |  1.7
Dodging        | |  2.9

Action                   |  1- 3 |  4- 6 |  7- 9 | 10-12 || total
-------------------------+-------+-------+-------+-------++-------
Melee: Trident           |   115 |    96 |       |       ||   211
       Unarmed           |       |    15 |       |   390 ||   405
       Flail             |       |    22 |   259 |   152 ||   433
       Punch             |       |       |     4 |     2 ||     6
Throw: Throwing net      |       |       |       |     1 ||     1
Evoke: Wand              |       |       |     1 |    16 ||    17
  Use: Scroll            |       |     2 |     5 |     9 ||    16
       Potion            |       |     2 |       |     9 ||    11
 Stab: Sleeping          |     2 |       |       |       ||     2
       Invisible         |       |       |       |     1 ||     1
Armor: Leather armour    |    50 |    29 |       |       ||    79
       Scale mail        |       |     7 |   141 |   265 ||   413
Dodge: Dodged            |    60 |    61 |   165 |   298 ||   584
Block: Other             |       |    19 |    36 |    18 ||    73
       Buckler           |       |       |       |   231 ||   231
